 Dungeon Crawl Stone Soup version 0.29-a0-9-g022ca4c890 (webtiles) character file.

Game seed: 11616644506487506944

2 dolemite99 the Firebug (level 1, 0/10 HPs)
             Began as a Gargoyle Fire Elementalist on Jan 28, 2022.
             Was a Follower of Makhleb.
             Slain by a giant cockroach (1 damage)
             ... on level 1 of the Dungeon.
             The game lasted 00:00:25 (261 turns).

dolemite99 the Firebug (Gargoyle Fire Elementalist)  Turns: 261, Time: 00:00:25

Health: 0/10       AC:  4    Str: 11    XL:     1   Next: 40%
Magic:  0/3        EV: 11    Int: 15    God:    Makhleb [*.....]
Gold:   9          SH:  0    Dex: 10    Spells: 3/4 levels left

rFire   . . .      SeeInvis .   b - +0 hand axe
rCold   . . .      Faith    .   (no shield)
rNeg    + . .      Spirit   .   a - +0 robe
rPois   ∞          Reflect  .   (no helmet)
rElec   +          Harm     .   (no cloak)
rCorr   .          Rampage  .   (no gloves)
Will    .....                   (no boots)
Stlth   ++........              (no amulet)
HPRegen 0.03/turn               (no ring)
MPRegen 0.08/turn               (no ring)

@: very slightly contaminated
A: sickness immunity, AC +2, negative energy resistance 1, electricity
resistance, torment resistance 1, petrification resistance
a: Renounce Religion


You were on level 1 of the Dungeon.
You worshipped Makhleb.
Makhleb was aware of your devotion.
You visited 1 branch of the dungeon, and saw 1 of its levels.

You collected 9 gold pieces.

Inventory:

Hand Weapons
 b - a +0 hand axe (weapon)
Armour
 a - a +0 robe (worn)
Scrolls
 c - a scroll of magic mapping {unknown}
 d - a scroll of teleportation {unknown}


   Skills:
 - Level 1.5 Dodging
 - Level 2.1 Stealth
 - Level 2.0 Spellcasting
 + Level 1.5 Conjurations
 - Level 3.0 Fire Magic


You had 3 spell levels left.
You knew the following spells:

 Your Spells              Type           Power      Damage    Failure   Level
a - Foxfire               Conj/Fire      32%        2x1d5     9%          1

Your spell library contained the following spells:

 Spells                   Type           Power      Damage    Failure   Level
 Scorch                   Fire           20%        2d6       10%         2
 Conjure Flame            Conj/Fire      8%         6-21      26%         3
 Inner Flame              Hex/Fire       6%         N/A       34%         3
 Flame Wave               Conj/Fire      8%         2d5       65%         4


Dungeon Overview and Level Annotations

Branches:
Dungeon (1/15)

Altars:
Makhleb


Innate Abilities, Weirdness & Mutations

You are immune to sickness and miasma.
Your stone body is resilient. (AC +2)
You are immune to poison.
You resist negative energy. (rN+)
You are resistant to electric shocks. (rElec)
You are resistant to unholy torment.
You are immune to petrification.


Message History

The rat misses you.
The endoplasm hits you but does no damage.
Casting: Foxfire (safe; 9% risk of failure)
Confirm with . or Enter, or press ? or * to list all spells.
You miscast Foxfire.
You are very lightly contaminated with residual magic.
Nothing appears to happen.
The rat bites you but does no damage.
The giant cockroach bites you but does no damage.
The endoplasm hits you but does no damage.
Casting: Foxfire (safe; 9% risk of failure)
Confirm with . or Enter, or press ? or * to list all spells.
You conjure some foxfire!
The giant cockroach bites you but does no damage.
The rat bites you but does no damage. The endoplasm freezes you.
You are frozen.
* * * LOW HITPOINT WARNING * * *
The foxfire hits the rat.
The rat is severely wounded.
The foxfire hits the rat.
You kill the rat!
Makhleb accepts your kill.
The giant cockroach bites you but does no damage.
The endoplasm closely misses you. The giant cockroach closely misses you.
Casting: Foxfire (safe; 9% risk of failure)
Confirm with . or Enter, or press ? or * to list all spells.
You don't have enough magic to cast this spell.
Casting: Foxfire (safe; 9% risk of failure)
Confirm with . or Enter, or press ? or * to list all spells.
You don't have enough magic to cast this spell.
You hit the endoplasm.
The endoplasm is heavily wounded.
You barely miss the giant cockroach.
The endoplasm hits you but does no damage.
The giant cockroach bites you.
* * * LOW HITPOINT WARNING * * *
You hit the giant cockroach.
The giant cockroach is moderately wounded.
You barely miss the endoplasm. The giant cockroach bites you.
You die...

#.# ......... #.#
##.......#######.####
........+...........
#.......###.########
#.......# #.## #
#.......# #..# #
#..B....# ##.# #
#..@J...####.#######
#..†....#...........
#.......#.#######+##
#.......#.#..
....#####.#.#.########
...#. #.#.#.#.......
#.##. #.#.#.#.######
.. #. #.#.#.#.#.....
#...#...#..<..


You could see an endoplasm and a giant cockroach.

Vanquished Creatures
  An endoplasm (D:1)
  A kobold (D:1)
  A rat (D:1)
3 creatures vanquished.

Vanquished Creatures (collateral kills)
  A foxfire (D:1)
1 creature vanquished.

Vanquished Creatures (others)
  12 foxfires (D:1)
  4 withered plants (D:1)
16 creatures vanquished.

Grand Total: 20 creatures vanquished

Notes
Turn   | Place    | Note
-------+----------+-------------------------------------------
     0 | D:1      | dolemite99 the Gargoyle Fire Elementalist began the quest
                  | for the Orb.
     0 | D:1      | Reached XP level 1. HP: 10/10 MP: 3/3
    57 | D:1      | Found a faded altar of an unknown god.
    83 | D:1      | Prayed at the altar of an unknown god.
    83 | D:1      | Became a worshipper of Makhleb the Destroyer
    83 | D:1      | Reached * piety under Makhleb
   261 | D:1      | Slain by a giant cockroach

Illustrated notes

Levels and vault maps discovered:
D:1:      matt_arrival_refuge, layout_basic, serial_glass, glass_columns_c,
          glass_columns_b, glass_columns_a, glass_columns_a,
          ebering_ecumenical_altar_petrified

Action                   || total
-------------------------++-------
Melee: Hand axe          ||     6
 Cast: Foxfire           ||     7
Armor: Robe              ||     9
Dodge: Dodged            ||    10

Table legend: (Time is in decaauts)
 A = Elapsed time spent in this place.
 B = Non-inter-level travel time spent in this place.
 C = Inter-level travel time spent in this place.
 D = Time resting spent in this place.
 E = Time spent auto-exploring this place.
 F = Levels seen in this place.
 G = Mean time per level.
                   A        B        C        D        E       F      G
               +--------+--------+--------+--------+--------+-----+--------+
         Total |    262 |    262 |      0 |      0 |    203 |   1 |  262.0 |
       Dungeon |    262 |    262 |      0 |      0 |    203 |   1 |  262.0 |
               +--------+--------+--------+--------+--------+-----+--------+

Top non-repeatable levels by time:
     D:1: 262 daAuts
